Map: Emerald City CE

Players

Jasb

  • Race: Terran Terran
  • League: Diamond
  • Spawn Location: 11:00

Arthrosis

  • Race: Protoss Protoss
  • League: Diamond
  • Spawn Location: 11:00

HellozL - Winner!

  • Race: Zerg Zerg
  • Spawn Location: 5:00

IIIIIIIIII - Winner!

  • Race: Protoss Protoss
  • Spawn Location: 5:00

VOD

Have the link to the VOD?

Description

please cast it

Time

  • Played on: Jan. 20, 2025, 11:15 a.m.
  • Length: 20:15
Show
View Real Time Build Order
Export as new Build Order

Jasb Terran 

Build Orders:  

Get SALT Encoding   

  12  0:00  SCV  
  13  0:12  SCV  
  14  0:17  Supply Depot  
  14  0:24  SCV  
  15  0:38  SCV  
  15  0:42  Barracks  
  16  0:44  Refinery  
  16  0:51  SCV  
  16  0:54  Refinery  
  17  1:03  SCV  
  18  1:15  SCV  
  19  1:28  Orbital Command  
  19  1:29  Reaper  
  20  1:33  Supply Depot  
  20  1:44  Factory  
  20  2:01  Reaper, SCV  
  22  2:13  SCV  
  23  2:40  Marine  
  23  2:41  Factory Tech Lab  
  23  2:58  Marine  
  24  3:05  Siege Tank  
  27  3:07  Command Center  
  27  3:22  Marine  
  28  3:29  SCV  
  29  3:35  Starport  
  29  3:43  Marine  
  30  3:49  SCV  
  30  3:55  Supply Depot  
  31  4:16  Viking, Cyclone  
  36  4:18  Supply Depot  
  36  4:19  Barracks Reactor  
  36  4:26  SCV  
  36  4:38  SCV  
  37  4:43  Orbital Command  
  37  4:48  Siege Tank  
  37  4:49  Barracks  
  40  4:53  Starport Reactor  
  40  4:58  SCV  
  41  5:04  Marine  
  41  5:05  Marine  
  43  5:10  SCV  
  43  5:12  SCV  
  45  5:16  Supply Depot  
  45  5:20  Siege Tank  
  48  5:22  SCV, Marine x2  
  48  5:24  SCV  
  48  5:28  Engineering Bay  
  52  5:34  SCV, Supply Depot  
  52  5:35  Supply Depot  
  53  5:37  SCV  
  53  5:39  Refinery  
  53  5:40  Marine  
  55  5:47  SCV  
  55  5:49  SCV  
  57  5:50  Engineering Bay  
  57  5:53  Refinery  
  57  5:55  Terran Infantry Weapons Level 1  
  57  5:57  Marine, Barracks Tech Lab  
  57  5:58  Medivac, Marine  
  57  5:59  SCV  
  57  6:01  SCV  
  63  6:11  SCV  
  64  6:13  SCV  
  64  6:15  Marine  
  64  6:16  Marine  
  67  6:19  Terran Infantry Armor Level 1  
  67  6:20  Supply Depot  
  67  6:23  SCV  
  67  6:25  SCV  
  69  6:26  Missile Turret  
  69  6:31  Missile Turret  
  69  6:32  Stimpack  
  69  6:35  SCV  
  69  6:37  SCV  
  71  6:42  Marine  
  71  6:43  Armory  
  71  6:44  Marine  
  71  6:45  Marine  
  74  6:47  SCV  
  74  6:49  SCV  
  76  6:59  SCV  
  77  7:01  SCV  
  77  7:07  Marine x2  
  77  7:08  Marauder  
  82  7:11  SCV  
  82  7:13  SCV  
  81  7:23  SCV  
  81  7:25  SCV, Marine x2  
  81  7:27  Siege Tank  
  81  7:28  Marine  
  89  7:35  SCV  
  90  7:43  Marine x2  
  92  7:47  Marauder  
  94  8:10  Command Center  
  94  8:11  Combat Shield  
  94  8:14  Marine  
  94  8:15  Marine  
  93  8:32  Marine  
  94  9:03  Terran Infantry Armor Level 2, Terran Infantry Weapons Level 2  
  94  9:10  Supply Depot x4  
  94  9:11  Supply Depot  
  94  9:18  Medivac, Marine  
  94  9:19  SCV, Marine  
  94  9:20  Medivac, SCV, Marauder  
  94  9:22  Siege Tank  
  82  9:31  SCV  
  75  9:32  SCV  
  75  9:35  Supply Depot  
  75  9:36  Marine  
  75  9:37  Marine  
  73  9:41  Orbital Command, Marauder  
  73  9:43  SCV  
  73  9:44  SCV  
  77  9:50  Barracks  
  77  9:51  Refinery  
  77  9:52  Refinery  
  77  9:53  Barracks  
  77  9:54  Barracks, Siege Tank, Marine  
  77  9:55  SCV, Marine  
  77  9:56  SCV  
  77  9:58  Medivac x2  
  88  10:00  Bunker  
  88  10:03  Marauder  
  90  10:07  SCV  
  90  10:08  SCV  
  90  10:12  Marine  
  90  10:13  Marine  
  94  10:19  SCV  
  94  10:20  SCV  
  93  10:24  Marauder  
  93  10:26  Siege Tank  
  94  10:29  Marine  
  94  10:30  Marine  
  94  10:31  SCV  
  94  10:32  SCV  
  90  10:38  Marine  
  90  10:42  Marine x2  
  82  10:45  Marauder  
  82  10:47  Marine  
  82  10:48  Marine  
  86  10:56  Marine  
  87  10:58  Siege Tank  
  87  11:03  Marine x2  
  92  11:04  Viking x2  
  92  11:05  Marine  
  92  11:06  Marine  
  92  11:07  Marauder  
  100  11:16  Barracks Tech Lab  
  100  11:19  Terran Infantry Weapons Level 3, Terran Infantry Armor Level 3  
  100  11:20  Terran Vehicle And Ship Armor Level 1, Marine x2  
  100  11:23  Marine  
  100  11:24  Marine  
  104  11:28  Marine  
  104  11:30  Siege Tank  
  108  11:38  Command Center  
  108  11:39  Barracks Reactor  
  109  11:40  Concussive Shells  
  109  11:41  Marine  
  109  11:42  Barracks Reactor, Marine  
  109  11:43  Marine  
  109  11:45  Medivac x2  
  109  11:46  Marauder  
  117  11:58  Marine  
  117  12:00  Marine  
  117  12:01  Marine  
  119  12:02  Siege Tank  
  119  12:07  Marauder  
  125  12:15  Medivac, Viking  
  129  12:16  Marine  
  129  12:17  Marine  
  129  12:19  Marine x2  
  123  12:49  Siege Tank, Medivac, Marine x5  
  132  12:58  Supply Depot  
  132  12:59  Supply Depot x2  
  132  13:00  Supply Depot  
  132  13:01  Supply Depot  
  132  13:03  Missile Turret  
  132  13:04  Marauder  
  132  13:07  Marine  
  132  13:08  Marine  
  132  13:09  Marine  
  132  13:10  Marine  
  132  13:14  Terran Vehicle Weapons Level 1  
  132  13:16  Planetary Fortress  
  132  13:20  Marauder, Viking x2, Missile Turret, Marine x2  
  132  13:21  Siege Tank  
  132  13:22  Supply Depot  
  132  13:24  Marine  
  132  13:25  Marauder, Marine  
  132  13:26  Marine  
  148  13:28  Marine  
  149  13:34  Missile Turret  
  149  13:35  SCV  
  149  13:36  SCV  
  149  13:37  SCV, Marine x2  
  154  13:41  Marine  
  154  13:42  Marine  
  154  13:43  Marine  
  154  13:44  Missile Turret, Marine  
  154  13:45  Marine  
  154  13:47  Marauder  
  161  13:50  Viking x2  
  161  13:53  Starport  
  161  13:54  Siege Tank  
  161  13:55  Missile Turret, Marine x2  
  168  13:56  Neosteel Armor, Hi-Sec Auto Tracking  
  168  13:59  Marauder  
  168  14:00  Marine  
  168  14:01  Marine  
  168  14:02  Marine  
  175  14:03  Marine  
  175  14:05  Missile Turret  
  175  14:08  Marauder  
  178  14:13  Marine x2  
  180  14:17  Missile Turret  
  180  14:23  Refinery  
  180  14:26  Refinery  
  180  14:37  Supply Depot  
  180  14:58  Siege Tank, Marine  
  180  14:59  Marauder x2  
  188  15:00  Supply Depot  
  188  15:08  Marine x3  
  188  15:09  Terran Ship Weapons Level 1  
  188  15:10  Marine  
  188  15:11  Viking, Marine  
  187  15:16  Marine  
  188  15:28  Marauder  
  188  15:29  Marine  
  188  15:31  Marine  
  188  15:32  Marine x2  
  188  15:35  Viking  
  188  15:36  Marine x2  
  188  15:41  Viking  
  187  15:43  Marauder  
  187  15:45  Thor  
  187  15:47  Marine  
  187  15:49  Marauder  
  188  15:50  Marine  
  188  16:29  Supply Depot  
  188  16:30  Supply Depot  
  188  16:47  Viking, Fusion Core, Marine  
  188  16:49  Sensor Tower  
  188  16:50  Viking, Marine x2  
  188  16:51  Marauder x2, Marine x3  
  188  16:53  Command Center  
  199  16:57  Siege Tank  
  196  17:02  Terran Vehicle And Ship Armor Level 2  
  196  17:05  Marine  
  196  17:08  Marine x2  
  197  17:09  Marine  
  200  17:16  Ghost Academy  
  196  17:53  Command Center  
  196  17:55  Command Center  
  193  18:03  Marauder x2, Marine x3  
  200  18:10  Orbital Command  
  200  18:17  Missile Turret  
  200  18:38  Missile Turret  
  136  18:57  Missile Turret  
  114  19:12  Marine x5  
  114  19:13  Marauder x2  
  114  19:15  Marine  
  114  19:16  Viking x2, Missile Turret  
  128  19:19  Thor  
  130  19:30  Marine x4  
  123  19:34  Marauder x2  
  113  19:47  Marine  
  113  19:48  Marine x2  
  112  19:55  Marine x2  
Show
View Real Time Build Order
Export as new Build Order

Arthrosis Protoss 

Build Orders: Oracle Opening 

Get SALT Encoding   

  12  0:00  Probe  
  13  0:12  Probe  
  14  0:18  Pylon  
  14  0:24  Probe  
  15  0:34  Probe  
  15  0:39  Gateway  
  15  0:42  Probe  
  16  0:47  Assimilator  
  17  0:51  Probe  
  18  1:03  Probe  
  19  1:18  Probe  
  20  1:30  Probe  
  21  1:34  Cybernetics Core  
  21  1:42  Probe  
  22  1:47  Pylon  
  22  1:49  Zealot  
  23  2:04  Assimilator  
  23  2:07  Probe  
  24  2:22  Adept  
  26  2:31  Stargate  
  26  2:34  Shield Battery  
  26  2:36  Probe  
  27  2:40  Pylon  
  27  2:57  Probe  
  28  3:10  Warp Gate  
  28  3:16  Probe  
  29  3:26  Oracle  
  29  3:28  Nexus  
  29  3:32  Stalker  
  27  3:36  Pylon  
  27  3:40  Probe  
  30  3:52  Probe  
  31  3:56  Shield Battery  
  31  3:57  Oracle  
  31  4:04  Probe  
  35  4:15  Gateway  
  35  4:16  Probe  
  36  4:17  Stalker  
  38  4:28  Probe  
  39  4:32  Pylon  
  39  4:36  Forge  
  39  4:45  Probe  
  40  4:49  Probe  
  41  4:58  Probe  
  42  5:06  Probe  
  47  5:10  Probe, Void Ray  
  47  5:13  Photon Cannon  
  48  5:16  Stalker x2  
  48  5:18  Probe  
  53  5:32  Fleet Beacon  
  53  5:42  Probe  
  54  5:46  Protoss Ground Weapons Level 1  
  54  5:49  Assimilator  
  54  5:52  Assimilator  
  54  5:54  Probe  
  55  6:04  Nexus  
  55  6:07  Pylon  
  55  6:13  Tempest  
  55  6:20  Probe  
  60  6:27  Shield Battery  
  60  6:30  Photon Cannon  
  60  6:32  Probe  
  61  6:40  Probe  
  61  6:44  Protoss Air Weapons Level 1  
  61  6:45  Photon Cannon  
  62  6:52  Probe  
  63  7:01  Stalker  
  63  7:02  Stalker  
  67  7:15  Probe  
  67  7:20  Probe  
  69  7:23  Probe  
  70  7:32  Tempest  
  70  7:33  Probe  
  75  7:45  Stalker, Probe  
  75  7:46  Protoss Ground Armor Level 1  
  78  7:57  Probe  
  79  8:09  Probe x2  
  81  8:14  Probe  
  81  8:17  Probe  
  81  8:18  Photon Cannon  
  82  8:21  Probe  
  82  8:26  Probe  
  85  8:57  Pylon  
  85  9:00  Pylon  
  85  9:02  Pylon x2  
  85  9:06  Gateway  
  85  9:08  Carrier  
  85  9:09  Gateway  
  85  9:12  Twilight Council  
  85  9:16  Probe x2  
  93  9:25  Robotics Facility, Stargate  
  93  9:28  Probe  
  94  9:44  Stalker  
  94  9:45  Stalker  
  98  9:47  Photon Cannon  
  98  9:48  Pylon  
  98  9:55  Blink  
  98  9:57  Gateway  
  98  9:58  Protoss Ground Weapons Level 2  
  98  10:10  Assimilator  
  98  10:12  Photon Cannon  
  98  10:14  Stalker x3  
  98  10:15  Stalker, Assimilator  
  98  10:19  Carrier  
  112  10:47  Stalker x3  
  117  10:56  Pylon, Photon Cannon  
  117  11:07  Nexus  
  117  11:10  Phoenix  
  113  11:22  Phoenix  
  113  11:24  Photon Cannon  
  111  11:27  Stalker x4  
  119  11:35  Photon Cannon  
  119  11:40  Probe  
  119  11:43  Assimilator  
  119  11:46  Protoss Air Weapons Level 2  
  120  11:53  Stalker, Probe  
  120  11:54  Stalker x2  
  127  12:03  Probe  
  127  12:05  Probe  
  127  12:07  Photon Cannon  
  129  12:11  Pylon, Probe  
  130  12:17  Probe  
  130  12:21  Probe  
  131  12:29  Probe  
  106  12:45  Stalker x2  
  106  12:46  Stalker x2  
  110  12:53  Probe  
  111  13:01  Probe  
  110  13:11  Probe  
  100  13:17  Phoenix x2  
  92  13:29  Stalker x2  
  96  13:40  Phoenix  
  98  13:56  Stalker x2  
  102  14:04  Nexus  
  102  14:17  Protoss Air Armor Level 1  
  102  14:19  Templar Archives  
  102  14:35  Photon Cannon  
  102  14:36  Probe  
  102  14:37  Pylon, Probe  
  104  14:49  Probe  
  104  14:50  Probe  
  106  14:54  Pylon, Photon Cannon  
  106  14:57  High Templar x2  
  110  15:01  Probe  
  110  15:04  Archon  
  90  15:15  Stalker  
  90  15:16  Stalker x2  
  62  15:27  Tempest  
  62  15:41  Stalker x2  
  52  16:00  Probe x2  
  54  16:04  Tempest  
  58  16:12  Probe  
  58  16:16  Pylon  
  59  16:20  Probe  
  60  16:34  Nexus  
  60  16:35  Pylon  
  60  16:36  Stalker x5  
  60  16:37  Pylon  
  60  16:38  Pylon  
  70  16:41  Photon Cannon x2  
  70  16:43  Photon Cannon  
  70  16:51  Tempest  
  70  16:52  Pylon  
  70  17:07  Shield Battery  
  74  17:09  Photon Cannon  
  74  17:10  Photon Cannon  
  74  17:13  Photon Cannon  
  74  17:16  Protoss Air Weapons Level 3, Photon Cannon  
  74  17:17  Photon Cannon  
  74  17:19  High Templar  
  74  17:20  Probe  
  74  17:21  Assimilator  
  74  17:22  High Templar  
  78  17:23  Assimilator  
  78  17:26  Shield Battery  
  78  17:28  Probe  
  79  17:31  Pylon  
  79  17:36  Photon Cannon  
  80  17:37  Tempest  
  80  17:38  Probe, Archon  
  85  17:45  Psionic Storm  
  85  17:48  Robotics Facility  
  85  17:50  Probe  
  73  18:19  Nexus  
  73  18:21  High Templar  
  75  18:27  Shield Battery  
  75  18:32  Photon Cannon  
  75  18:34  High Templar  
  77  18:50  Archon  
  69  19:00  Tempest x2  
Show
View Real Time Build Order
Export as new Build Order

HellozL Zerg - Winner!

Build Orders: Pool First 

Get SALT Encoding   

  12  0:01  Drone  
  13  0:15  Extractor  
  12  0:25  Spawning Pool  
  11  0:29  Drone  
  12  0:38  Drone x2  
  14  0:50  Overlord  
  14  1:13  Zergling x6  
  14  1:17  Metabolic Boost  
  17  1:30  Queen  
  19  1:48  Drone x2  
  19  1:49  Overlord  
  21  1:59  Drone  
  22  2:28  Hatchery  
  20  2:33  Drone x3  
  23  2:44  Drone  
  24  2:56  Drone  
  24  3:01  Extractor  
  24  3:03  Roach Warren  
  22  3:29  Lair  
  22  3:32  Overlord  
  23  3:34  Drone x3  
  23  3:35  Zergling x4  
  23  3:40  Queen  
  29  3:48  Spine Crawler  
  29  3:54  Drone x2  
  30  4:03  Spine Crawler  
  30  4:10  Drone x2  
  31  4:20  Drone x3  
  31  4:23  Drone  
  35  4:28  Glial Reconstitution  
  33  4:45  Spore Crawler  
  33  4:50  Spore Crawler  
  31  4:56  Drone x5  
  31  4:59  Evolution Chamber  
  35  5:22  Drone x2  
  35  5:25  Overlord  
  35  5:26  Overlord x2  
  37  5:33  Zerg Missile Weapons Level 1  
  37  5:46  Drone x3  
  40  5:50  Roach x6  
  52  6:00  Hatchery  
  51  6:12  Roach x4  
  51  6:14  Overlord  
  59  6:22  Overlord x2  
  59  6:23  Overlord  
  59  6:32  Roach x3  
  65  6:43  Roach x4  
  73  6:49  Ravager  
  73  6:51  Roach x4  
  82  7:04  Ravager  
  82  7:05  Ravager  
  82  7:07  Overlord x3  
  81  7:32  Roach  
  81  7:33  Roach x5  
  93  7:37  Ravager  
  94  7:55  Drone x6  
  94  7:56  Drone  
  98  8:00  Extractor  
  98  8:01  Extractor  
  96  8:08  Spire  
  95  8:18  Hatchery  
  95  8:19  Hatchery  
  91  8:20  Hatchery  
  90  8:27  Zerg Missile Weapons Level 2  
  90  8:30  Drone, Evolution Chamber  
  90  8:33  Drone x2  
  93  8:34  Drone  
  91  8:52  Drone x3  
  94  9:01  Overlord x5  
  64  9:41  Drone, Queen  
  67  9:49  Drone x2  
  67  9:52  Zerg Flyer Weapons Level 1  
  69  9:58  Mutalisk x10  
  89  10:01  Overseer  
  89  10:04  Drone x2  
  89  10:05  Drone  
  93  10:14  Drone  
  93  10:19  Zerg Ground Armor Level 1  
  93  10:43  Drone  
  93  10:44  Drone x9  
  93  10:46  Extractor  
  93  10:47  Extractor  
  93  10:48  Drone  
  100  11:25  Mutalisk  
  100  11:26  Mutalisk x6  
  100  11:30  Drone x3  
  100  11:32  Drone x3  
  120  11:36  Drone x3  
  120  11:37  Queen  
  120  11:38  Extractor  
  120  11:39  Extractor  
  123  11:47  Zerg Melee Weapons Level 1, Infestation Pit  
  123  11:48  Drone  
  123  11:49  Drone x2, Mutalisk  
  123  11:50  Mutalisk  
  129  12:12  Zergling x40  
  129  12:13  Zergling x12  
  140  12:41  Zergling x20, Baneling Nest  
  97  13:18  Zergling x28  
  102  13:34  Hatchery  
  102  13:35  Centrifugal Hooks  
  102  13:36  Zerg Flyer Weapons Level 2  
  102  13:37  Hatchery  
  98  13:52  Zerg Ground Armor Level 2, Zerg Melee Weapons Level 2  
  98  13:55  Hive  
  95  14:06  Pneumatized Carapace  
  95  14:16  Drone x3  
  98  14:22  Baneling  
  98  14:23  Baneling x17  
  98  14:33  Drone x3  
  101  14:44  Zergling x22  
  111  15:01  Extractor  
  111  15:02  Extractor  
  80  15:14  Zergling x16  
  80  15:15  Zergling x14  
  80  15:20  Baneling x12  
  85  15:22  Zergling x2  
  85  15:23  Zergling x8  
  85  15:24  Queen  
  90  15:38  Adrenal Glands  
  90  15:48  Drone x3  
  92  15:59  Zergling x26  
  92  16:00  Queen  
  107  16:08  Queen  
  109  16:15  Drone x5  
  114  16:21  Hatchery  
  113  16:27  Zerg Flyer Weapons Level 3  
  113  16:28  Zerg Ground Armor Level 3  
  113  16:29  Zerg Melee Weapons Level 3  
  113  16:32  Baneling x11  
  113  16:33  Baneling x5  
  113  16:35  Queen  
  115  16:53  Zergling x16  
  115  16:54  Zergling x20  
  133  16:55  Zergling x2  
  134  17:12  Zergling x14  
  134  17:13  Zergling x14  
  148  17:20  Queen  
  148  17:22  Queen  
  134  17:57  Zergling x30  
  134  17:58  Zergling x14  
  130  18:19  Zergling x12  
  139  18:20  Zergling x6  
  137  18:28  Baneling x6  
  137  18:33  Baneling x19  
  137  18:34  Zergling x2, Baneling x5  
  133  18:35  Zergling x8  
  80  19:08  Zergling x18  
  77  19:24  Zergling x2  
  77  19:25  Zergling x4  
  77  19:31  Hatchery  
  79  19:48  Zergling x12  
Show
View Real Time Build Order
Export as new Build Order

IIIIIIIIII Protoss - Winner!

Build Orders: 1 Gate Expand, Blink Stalkers, Carriers 

Get SALT Encoding   

  12  0:01  Probe  
  13  0:13  Probe  
  14  0:18  Pylon  
  14  0:25  Probe  
  15  0:37  Probe  
  15  0:39  Gateway  
  16  0:46  Assimilator  
  16  0:48  Probe  
  17  0:56  Probe  
  18  1:04  Probe  
  19  1:15  Gateway, Probe  
  20  1:26  Cybernetics Core  
  20  1:43  Nexus  
  20  1:49  Pylon  
  20  1:57  Adept  
  20  2:00  Adept  
  24  2:19  Warp Gate  
  24  2:23  Probe, Adept  
  24  2:27  Adept  
  29  2:37  Assimilator  
  29  2:41  Probe  
  30  2:52  Twilight Council  
  30  2:53  Probe  
  30  2:57  Probe  
  31  3:05  Probe x2  
  34  3:18  Probe  
  32  3:41  Probe x2  
  32  3:43  Shield Battery  
  32  3:45  Blink  
  33  3:56  Probe x2  
  35  4:06  Pylon  
  35  4:08  Probe x2  
  37  4:13  Stalker x2  
  41  4:24  Nexus  
  41  4:26  Pylon  
  39  4:36  Probe x2  
  39  4:44  Stalker x2  
  43  5:03  Probe x2  
  45  5:11  Assimilator  
  45  5:14  Stalker, Gateway  
  45  5:15  Stalker, Probe x2  
  51  5:27  Probe x2  
  53  5:30  Pylon  
  53  5:38  Stalker, Robotics Facility  
  53  5:39  Stalker, Pylon, Probe x2  
  53  5:42  Charge  
  59  5:44  Shield Battery  
  59  5:47  Gateway, Probe  
  60  5:51  Probe  
  60  5:52  Probe  
  62  5:59  Probe  
  62  6:03  Probe  
  62  6:04  Probe  
  65  6:11  Probe  
  65  6:15  Probe  
  65  6:16  Stalker x3  
  73  6:22  Probe  
  73  6:23  Probe  
  73  6:25  Gateway  
  75  6:28  Probe  
  75  6:30  Robotics Bay  
  76  6:36  Observer  
  76  6:39  Forge  
  77  7:06  Stalker x4  
  77  7:07  Probe  
  77  7:08  Probe x2  
  88  7:19  Probe  
  88  7:20  Probe  
  80  7:28  Probe  
  79  7:33  Stargate  
  79  7:35  Stargate  
  79  7:38  Pylon  
  79  7:46  Protoss Ground Weapons Level 1  
  79  7:56  Zealot x5  
  87  8:18  Zealot x4  
  87  8:19  Zealot  
  97  8:25  Pylon  
  97  8:27  Pylon  
  97  8:33  Nexus  
  97  9:00  Zealot x5  
  107  9:09  Fleet Beacon  
  107  9:12  Stargate x2  
  107  9:28  Pylon  
  101  9:40  Stalker x5  
  101  9:45  Probe x3  
  114  9:47  Probe  
  115  9:56  Protoss Ground Weapons Level 2  
  115  9:57  Probe x3  
  118  10:06  Assimilator  
  118  10:11  Assimilator  
  118  10:12  Assimilator  
  118  10:13  Zealot x2  
  118  10:14  Zealot x3, Assimilator  
  126  10:28  Assimilator  
  88  10:53  Zealot x5  
  88  10:55  Probe x2  
  90  11:13  Carrier  
  90  11:14  Carrier x2  
  90  11:16  Carrier  
  114  11:24  Probe x3  
  117  11:35  Pylon  
  117  11:38  Pylon, Mothership  
  125  11:41  Probe x2  
  125  11:43  Nexus, Probe  
  125  11:45  Pylon  
  128  11:47  Pylon  
  128  11:49  Zealot x3  
  128  11:50  Zealot x2, Pylon  
  138  12:00  Photon Cannon x3  
  138  12:02  Photon Cannon  
  138  12:04  Photon Cannon, Shield Battery x2  
  138  12:06  Shield Battery  
  138  12:13  Zealot x5  
  148  12:20  Carrier x3  
  156  12:30  Protoss Air Weapons Level 1  
  148  12:43  Zealot x5  
  152  13:12  Zealot x4  
  152  13:13  Zealot, Carrier  
  152  13:14  Carrier x2  
  152  13:15  Carrier  
  186  13:28  Protoss Shields Level 1  
  186  13:34  Probe x3  
  186  13:35  Probe x2  
  186  13:41  Photon Cannon  
  191  13:42  Photon Cannon  
  191  13:44  Photon Cannon  
  191  13:45  Photon Cannon  
  191  13:46  Zealot x2  
  191  13:47  Photon Cannon  
  195  13:49  Shield Battery  
  195  13:52  Shield Battery  
  195  13:53  Gateway  
  195  13:55  Gateway  
  195  13:57  Gateway  
  195  14:13  Probe  
  195  14:14  Probe  
  195  15:03  Probe x2  
  175  15:20  Carrier x3  
  167  15:24  Carrier  
  167  15:26  Zealot x4  
  167  15:27  Zealot x4  
  165  15:50  Colossus  
  165  15:56  Zealot x8  
  179  16:04  Probe  
  179  16:05  Probe  
  182  16:14  Carrier  
  189  16:24  Mothership  
  195  16:37  Assimilator  
  195  16:43  Cybernetics Core  
  195  16:44  Assimilator  
  195  16:53  Carrier  
  195  16:54  Protoss Air Weapons Level 2, Carrier x2  
  155  17:02  Carrier  
  168  17:23  Colossus  
  174  17:50  Carrier x3  
  192  17:59  Protoss Air Armor Level 1  
  192  18:12  Pylon  
  192  18:13  Pylon  
  192  18:30  Zealot, Colossus  
  198  18:46  Carrier  
Tags
 
Add a new tag
Caveats
  • Supply blocks, unpowered buildings, or Contaminate may cause inaccurate times.
  • Supply counts are checked every 10 seconds.